 Dungeon Crawl Stone Soup version 0.30-a0-367-g839099abd5 (webtiles) character file.

Game seed: 125627143440419704

22741 Grillzange the Warrior (level 13, -3/95 HPs)
             Began as a Gargoyle Berserker on Nov 17, 2022.
             Was a High Priest of Trog.
             Slain by an orc knight
             ... wielding a +0 great mace
              (17 damage)
             ... on level 2 of the Orcish Mines on Nov 18, 2022.
             The game lasted 00:46:44 (12523 turns).

Grillzange the Warrior (Gargoyle Berserker)        Turns: 12523, Time: 00:46:44

Health: -3/95      AC: 35    Str: 25    XL:     13   Next: 2%
Magic:  11/11      EV:  8    Int: 12    God:    Trog [*****.]
Gold:   1403       SH:  0    Dex:  8    Spells: 12/12 levels left

rFire   + . .      SeeInvis .    y - +5 dire flail (freeze)
rCold   x . .      Faith    .    (shield currently unavailable)
rNeg    + . .      Spirit   .    d - +1 plate armour
rPois   ∞          Reflect  .    s - +2 helmet
rElec   +          Harm     .    p - +2 cloak
rCorr   .          Rampage  .    k - +0 pair of gloves
Will    ++...                    (no boots)
Stlth   ..........               B - amulet of the acrobat
HPRegen 1.35/turn                i - ring of fire
MPRegen 0.12/turn                f - +4 ring of slaying

@: strong-willed, regenerating, studying Maces & Flails
A: sickness immunity, AC +9, negative energy resistance 1, electricity
resistance, torment resistance 1, petrification resistance, claws 1, clever 1,
low MP 1
a: Renounce Religion, Berserk, Trog's Hand, Brothers in Arms


You were on level 2 of the Orcish Mines.
You worshipped Trog.
Trog was extremely pleased with you.
You visited 3 branches of the dungeon, and saw 14 of its levels.
You also visited: Bailey.

You collected 1403 gold pieces.

Inventory:

Hand Weapons
 j - a -1 demon whip of venom
 y - a +5 dire flail of freezing (weapon)
Armour
 d - a +1 plate armour (worn)
 k - a +0 pair of gloves (worn)
 p - a +2 cloak (worn)
 s - a +2 helmet (worn)
Jewellery
 f - a +4 ring of slaying (right hand)
 i - a ring of fire (left hand)
 B - an amulet of the acrobat (around neck)
Wands
 o - a wand of mindburst (2)
 v - a wand of digging (6)
 w - a wand of flame (31)
Scrolls
 e - 4 scrolls of magic mapping
 h - 9 scrolls of teleportation
 m - 4 scrolls of silence
 t - a scroll of fear
Potions
 b - 3 potions of flight
 c - 2 potions of heal wounds
 n - 7 potions of curing
 r - a potion of haste
 u - 2 potions of resistance
 z - 3 potions of might
 A - a potion of berserk rage


   Skills:
 + Level 16.3 Fighting
 + Level 13.7 Maces & Flails
 + Level 13.4 Armour
 - Level 1.5 Dodging


You had 12 spell levels left.
You didn't know any spells.
Your spell library was empty.

Dungeon Overview and Level Annotations

Branches:
Dungeon (11/15)            Temple (1/1) D:4            Lair (0/5) D:11
    Orc (2/2) D:11            Elf (0/3) Orc:2        Bailey (visited)

Altars:
Cheibriados
Kikubaaqudgha
Makhleb
Okawaru
Sif Muna
Uskayaw

Shops:
D:1 *   D:10 *   Orc:1 !

Annotations:
D:1 1 runed translucent door
Orc:2 Nessos


Innate Abilities, Weirdness & Mutations

You are immune to sickness and miasma.
Your stone body is resilient. (AC +9)
You are immune to poison.
You resist negative energy. (rN+)
You are resistant to electric shocks. (rElec)
You are resistant to unholy torment.
You are immune to petrification.
You have sharp fingernails.
Your mind is acute. (Int +4, Str/Dex -1)
Your magical capacity is low. (-10% MP)


Message History

You are too injured to fight recklessly!
The orc knight shoots a bolt.
The bolt hits you but does no damage.
The orc warrior grunts repeatedly.
The orc warrior unwields a +0 arbalest.
The orc warrior wields a +0 broad axe.
The orc warrior barely misses you.
You bludgeon the orc!! You freeze the orc.
You kill the orc!
Trog accepts your kill.
The orc knight shoots a bolt.
The bolt barely misses you.
The orc warrior hits you with a +0 broad axe.
* * * LOW HITPOINT WARNING * * *
You bludgeon the orc warrior!! You freeze the orc warrior!
You kill the orc warrior!
Trog accepts your kill.
You sock the orc warrior! You freeze the orc warrior!
The orc warrior is severely wounded.
The orc knight shoots a bolt.
The bolt completely misses you.
The orc warrior hits you but does no damage.
You closely miss the orc warrior.
The orc warrior is severely wounded.
The orc knight shoots a bolt.
The bolt hits you.
* * * LOW HITPOINT WARNING * * *
You impale the orc warrior!! You freeze the orc warrior.
You kill the orc warrior!
Trog accepts your kill.
The orc knight unwields a +0 arbalest.
The orc knight wields a +0 great mace.
The orc knight hits you with a +0 great mace!
* * * LOW HITPOINT WARNING * * *
Things that are here:
a +0 war axe; a +0 chain mail You bludgeon the orc knight!!
You freeze the orc knight.
The orc knight is moderately wounded.
The orc knight hits you with a +0 great mace.
* * * LOW HITPOINT WARNING * * *
You bludgeon the orc knight!! You freeze the orc knight!
The orc knight is almost dead.
You closely miss the orc knight.
The orc knight is almost dead.
The orc knight hits you with a +0 great mace!
You die...

#.............
#.............
#..#.....≈≈≈≈#
#..#......≈≈≈≈### ##
#...........≈≈≈≈## ##≈
#..#..........≈≈≈# #≈≈
#..##..........≈≈# #≈≈
#...##o.##..##...###..
##...@................
##.))...........)....
#############.#)#...
###.)... ####......
##..#......
#....)....#
##.....#...
#####..#...


You could see an orc knight.

Vanquished Creatures
  3 two-headed ogres
  The ghost of Essalna the Zephyrmancer, a journeyman TeAE of Vehumet (D:9)
  Urug (D:10)
  Amaemon (D:10)
  Lodul (D:11)
  Pikel (D:4)
  3 orc knights
  A cyclops (D:11)
  A spectral centaur (D:9)
  Maurice (D:10)
  A gargoyle (D:11)
  An unseen horror (D:11)
  An orange demon (D:10)
  A komodo dragon (D:11)
  3 trolls
  Prince Ribbit (D:5)
  3 slime creatures (D:9)
  Grinder (D:3)
  A shadow (D:11)
  4 spriggans (Bailey)
  A wraith (D:11)
  2 wyverns
  12 yaks
  6 vampire mosquitoes
  A warg (Orc:2)
  A steam dragon (Bailey)
  5 water moccasins
  A swamp drake (D:10)
  A sky beast (D:6)
  21 orc warriors
  8 centaurs
  16 ogres
  A phantom (D:5)
  A lemure (D:3)
  4 kobold brigands
  3 bullfrogs
  3 scorpions (D:6)
  A gnoll sergeant (D:10)
  10 wights
  8 killer bees
  An electric eel (D:8)
  3 howler monkeys
  4 hounds
  3 iron imps (D:10)
  6 orc priests
  A gnoll bouda (D:5)
  2 jellies (D:6)
  5 iguanas
  10 orc wizards
  15 gnolls
  10 adders
  4 shadow imps
  7 white imps
  4 ufetubi
  2 worms
  70 orcs
  5 bats
  3 endoplasms
  2 giant cockroaches
  5 hobgoblins
  9 jackals
  4 quokkas
  4 ball pythons
  3 frilled lizards
  A goblin (D:3)
  27 kobolds
  2 rats
349 creatures vanquished.

Vanquished Creatures (collateral kills)
  The ghost of Persimmon the Carver, a novice MfGl (D:5)
  A centaur zombie (D:9)
  2 centaur simulacra (D:9)
4 creatures vanquished.

Vanquished Creatures (others)
  A centaur zombie (D:9)
  A troll (D:10)
  A shadow imp (D:8)
  A demonic plant (D:8)
4 creatures vanquished.

Grand Total: 357 creatures vanquished

Notes
Turn   | Place    | Note
-------+----------+-------------------------------------------
     0 | D:1      | Grillzange the Gargoyle Berserker began the quest for the
                  | Orb.
     0 | D:1      | Reached XP level 1. HP: 14/14 MP: 1/1
     0 | D:1      | Noticed a jelly
     1 | D:1      | Found a runed translucent door.
     2 | D:1      | Noticed a jelly
   120 | D:1      | Reached XP level 2. HP: 7/20 MP: 2/2
   194 | D:1      | Reached skill level 4 in Fighting
   276 | D:1      | Found Haen Nank's General Store.
   903 | D:2      | Reached XP level 3. HP: 24/24 MP: 3/3
  1017 | D:2      | HP: 1/25 [gnoll/+0 whip (7)]
  1020 | D:2      | Reached skill level 5 in Fighting
  1344 | D:2      | Reached ** piety under Trog
  1345 | D:2      | Reached XP level 4. HP: 24/31 MP: 4/4
  1822 | D:2      | Reached skill level 6 in Fighting
  2066 | D:3      | Noticed Grinder
  2071 | D:3      | Paralysed by Grinder for 4 turns
  2082 | D:3      | Killed Grinder
  2083 | D:3      | Reached skill level 7 in Fighting
  2083 | D:3      | Reached XP level 5. HP: 38/39 MP: 5/5
  2083 | D:3      | Reached XP level 6. HP: 43/44 MP: 6/6
  2406 | D:3      | Reached skill level 8 in Fighting
  2751 | D:3      | Gained mutation: Your magical capacity is low. (-10% MP)
                  | [potion of mutation]
  2751 | D:3      | Gained mutation: Your mind is acute. (Int +4, Str/Dex -1)
                  | [potion of mutation]
  2751 | D:3      | Gained mutation: You have sharp fingernails. [potion of
                  | mutation]
  2795 | D:4      | Noticed Pikel
  3193 | D:4      | Killed Pikel
  3194 | D:4      | Reached skill level 10 in Fighting
  3194 | D:4      | Reached XP level 7. HP: 37/52 MP: 6/6
  3194 | D:4      | Reached XP level 8. HP: 41/57 MP: 7/7
  3769 | D:4      | Found a staircase to the Ecumenical Temple.
  3779 | Temple   | Entered the Ecumenical Temple
  3808 | D:5      | Entered Level 5 of the Dungeon
  4123 | D:5      | Noticed Prince Ribbit
  4246 | D:5      | Killed Prince Ribbit
  4247 | D:5      | Reached skill level 11 in Fighting
  4390 | D:5      | Reached skill level 5 in Armour
  4397 | D:5      | Found a shimmering blue altar of Sif Muna.
  4634 | D:5      | Found a transporter.
  4652 | D:5      | Noticed Persimmon's ghost (novice MfGl)
  4740 | D:5      | Noticed a yak
  4744 | D:5      | Killed a yak
  4749 | D:5      | Reached XP level 9. HP: 64/64 MP: 8/8
  5005 | D:5      | Found a transporter.
  5031 | D:5      | Reached *** piety under Trog
  5065 | D:5      | Killed Persimmon's ghost
  5066 | D:5      | Reached skill level 12 in Fighting
  5238 | D:6      | Found an ancient bone altar of Kikubaaqudgha.
  5239 | D:6      | Found a snail-covered altar of Cheibriados.
  5580 | D:6      | Reached XP level 10. HP: 64/72 MP: 9/9
  5609 | D:6      | Found a hide-covered altar of Uskayaw.
  5735 | D:6      | Reached skill level 13 in Fighting
  6066 | D:7      | Identified a scroll of acquirement
  6066 | D:7      | Acquired a manual of Maces & Flails
  6131 | D:7      | Reached **** piety under Trog
  7652 | D:8      | Reached skill level 5 in Maces & Flails
  8059 | D:9      | Found a flagged portal.
  8101 | Bailey   | Entered a bailey
  8155 | Bailey   | Noticed a two-headed ogre
  8324 | Bailey   | Killed a two-headed ogre
  8325 | Bailey   | Reached skill level 14 in Fighting
  8325 | Bailey   | Reached skill level 10 in Armour
  8403 | Bailey   | Reached XP level 11. HP: 77/80 MP: 9/9
  8464 | Bailey   | Identified the +3 war axe "Jellybane" {freeze, Dex+3
                  | Stlth+}
  8763 | D:9      | Reached ***** piety under Trog
  9095 | D:9      | Found a runed translucent gate.
  9095 | D:9      | Found a runed translucent gate.
  9095 | D:9      | Found a runed translucent gate.
  9096 | D:9      | Noticed Essalna's ghost (journeyman TeAE)
  9125 | D:9      | Killed Essalna's ghost
  9354 | D:10     | Entered Level 10 of the Dungeon
  9401 | D:10     | Noticed Maurice
  9492 | D:10     | Noticed Urug
  9502 | D:10     | Killed Urug
  9503 | D:10     | Reached skill level 10 in Maces & Flails
  9612 | D:10     | Found Wyfigu's General Store.
  9614 | D:10     | Noticed a two-headed ogre
  9620 | D:10     | Killed a two-headed ogre
  9621 | D:10     | Reached skill level 15 in Fighting
  9727 | D:10     | Noticed Amaemon
  9747 | D:10     | Killed Amaemon
  9763 | D:10     | Killed Maurice
  9764 | D:10     | Reached XP level 12. HP: 62/88 MP: 10/10
  9851 | D:10     | Identified the +9 long sword "Jutouck" {flame, rN++ Int+4}
 10099 | D:10     | Found a burning altar of Makhleb.
 10442 | D:11     | Found a staircase to the Lair.
 10525 | D:11     | Found a staircase to the Orcish Mines.
 10580 | D:11     | Noticed a two-headed ogre
 10588 | D:11     | Killed a two-headed ogre
 10650 | D:11     | Noticed Lodul
 10660 | D:11     | Killed Lodul
 10701 | D:11     | Found an iron altar of Okawaru.
 11214 | Orc:1    | Entered Level 1 of the Orcish Mines
 11215 | Orc:1    | Upgraded the game from 0.30-a0-365-ge7f957f1db to
                  | 0.30-a0-367-g839099abd5
 11261 | Orc:1    | Reached skill level 16 in Fighting
 11495 | Orc:2    | Entered Level 2 of the Orcish Mines
 11495 | Orc:2    | Found a staircase to the Elven Halls.
 11524 | Orc:2    | Reached ****** piety under Trog
 11548 | Orc:2    | Received a gift from Trog
 12081 | Orc:1    | Found Roiwimn's Distillery.
 12460 | Orc:2    | Noticed Nessos
 12486 | Orc:2    | Reached XP level 13. HP: 76/95 MP: 11/11
 12523 | Orc:2    | Slain by an orc knight

Illustrated notes

Levels and vault maps discovered:
D:1:      dpeg_arrival_caged_fury, layout_loops_ring, serial_shops,
          nicolae_diamond_shop
D:2:      layout_basic
D:3:      layout_loops_ring, minmay_misc_feat_chi, kennysheep_cross_room,
          corexii_leaking_fountain, uniq_grinder
D:4:      layout_basic, minmay_temple_entry_poolview,
          kennysheep_generic_room_15, uniq_pikel
D:5:      cheibrodos_barr_body, layout_cave_pools, mainiacjoe_overflow_alcove_1,
          gammafunk_ghost_hive, uniq_prince_ribbit1
D:6:      layout_rooms, eat_drink_and_be_merry_uskayaw, jmf_multi_god_temple,
          minivault_27
D:7:      layout_layer_cave
D:8:      layout_cave_pools, serial_demonic, serial_demonic_a, serial_demonic_e,
          serial_demonic_f, serial_demonic_e, kennysheep_diamond
D:9:      layout_roguey, gammafunk_ghost_necromancy, enter_bailey_6
D:10:     layout_rooms, demons_altar, serial_curves, eino_curves_03,
          eino_curves_01, serial_shops, shop, pond, uniq_amaemon, uniq_maurice,
          uniq_urug
D:11:     layout_irregular_city, lair_entry_dummy, david_orc_2,
          grunt_ministairs_1, okawaru_gym_becter, uniq_lodul
Temple:   minmay_temple_bridge_d
Orc:1:    layout_caves, serial_shops, nicolae_shop_hallway_plus
Orc:2:    st_orc_rangers, layout_caves, serial_shops, nicolae_square_shop,
          small_statue_alley_c, uniq_nessos

Skill      XL: |  1  2  3  4  5  6  7  8  9 10 11 12 |
---------------+-------------------------------------+-----
Fighting       | 4 5 7 10 11 12 14 15 16 | 16.3
Armour         | 5 8 10 11 13 | 13.4
Maces & Flails | 7 11 13 | 13.7
Dodging        | |  1.5

Action                   |  1- 3 |  4- 6 |  7- 9 | 10-12 | 13-15 || total
-------------------------+-------+-------+-------+-------+-------++-------
Melee: Mace              |    67 |   195 |   376 |    88 |       ||   726
       Punch             |       |     2 |     6 |       |       ||     8
       Dire flail        |       |       |       |   525 |    14 ||   539
Invok: Berserk           |     1 |     3 |     4 |     4 |       ||    12
       Trog's Hand       |       |       |     1 |     1 |     1 ||     3
Evoke: Wand              |       |       |       |     1 |       ||     1
  Use: Potion            |     1 |     4 |     4 |     7 |       ||    16
       Scroll            |       |    10 |     7 |    11 |     2 ||    30
 Stab: Distracted        |       |       |     1 |       |       ||     1
       Confused          |       |       |       |     1 |       ||     1
Armor: Animal skin       |    20 |       |       |       |       ||    20
       Ring mail         |    16 |   117 |    17 |       |       ||   150
       Plate armour      |       |       |   418 |   585 |    15 ||  1018
Dodge: Dodged            |    57 |   117 |   193 |   343 |    34 ||   744

Table legend: (Time is in decaauts)
 A = Elapsed time spent in this place.
 B = Non-inter-level travel time spent in this place.
 C = Inter-level travel time spent in this place.
 D = Time resting spent in this place.
 E = Time spent auto-exploring this place.
 F = Levels seen in this place.
 G = Mean time per level.
                   A        B        C        D        E       F      G
               +--------+--------+--------+--------+--------+-----+--------+
         Total |  12714 |  12530 |    184 |   1391 |   7822 |  15 |  847.6 |
       Dungeon |  11022 |  10862 |    160 |    946 |   7101 |  11 | 1002.0 |
        Temple |      9 |      9 |      0 |      0 |      0 |   1 |    9.0 |
  Orcish Mines |   1252 |   1228 |     24 |    383 |    543 |   2 |  626.0 |
        Bailey |    429 |    429 |      0 |     62 |    178 |   1 |  429.0 |
               +--------+--------+--------+--------+--------+-----+--------+

Top non-repeatable levels by time:
     D:7: 1473 daAuts
     D:5: 1354 daAuts
     D:3: 1129 daAuts
     D:2: 1114 daAuts
     D:4: 1007 daAuts
    D:11: 990 daAuts
     D:9: 888 daAuts
   Orc:1: 881 daAuts
    D:10: 850 daAuts
     D:1: 767 daAuts
     D:6: 742 daAuts
     D:8: 701 daAuts
  Bailey: 429 daAuts
   Orc:2: 371 daAuts
  Temple: 9 daAuts
